| TOP OF THE 1ST |
|
Port Arthur Pirates batting - Pitching for Fort Myers Miracles : RHP Jose Bonifilio
|
|
Pitching: RHP Jose Bonifilio
|
|
|
Batting: SHB Geoff Doggett
|
0-0: Ball 1-0: Called Strike 1-1: Foul Ball, location: 2F 1-2: Foul Ball, location: 2F 1-2: Ball 2-2: Fly out, F7 (Flyball, 7LM, EV 106.3 MPH)
|
|
Batting: RHB Billy Ripken
|
0-0: Ball 1-0: Called Strike 1-1: Fly out, F4 (Popup, 4, EV 79.4 MPH)
|
|
Batting: RHB Steve Stanicek
|
0-0: Swinging Strike 0-1: Foul Ball, location: 2F 0-2: Strikes out swinging
|
| Top of the 1st over - 0 runs, 0 hits, 0 errors, 0 left on base; Port Arthur 0 - Fort Myers 0 |
| BOTTOM OF THE 1ST |
|
Fort Myers Miracles batting - Pitching for Port Arthur Pirates : RHP Kirk McCaskill
|
|
Pitching: RHP Kirk McCaskill
|
|
|
Batting: SHB Ronnie Chapman
|
0-0: Ball 1-0: Called Strike 1-1: Fly out, F8 (Line Drive, 8LM, EV 87.5 MPH)
|
|
Batting: RHB T.J. Stout
|
0-0: Ball 1-0: Ground out 6-3 (Groundball, 6, EV 86.9 MPH)
|
|
Batting: RHB Bobby Hinson
|
0-0: Called Strike 0-1: Called Strike 0-2: Foul Ball, location: 2F 0-2: Ball 1-2: Foul Ball, location: 2F 1-2: Ball 2-2: Ball 3-2: Ground out 1-3 (Groundball, 13, EV 64.4 MPH)
|
| Bottom of the 1st over - 0 runs, 0 hits, 0 errors, 0 left on base; Port Arthur 0 - Fort Myers 0 |
| TOP OF THE 2ND |
|
Port Arthur Pirates batting - Pitching for Fort Myers Miracles : RHP Jose Bonifilio
|
|
Batting: LHB Dan Aruca
|
0-0: Ball 1-0: Foul Ball, location: 2F 1-1: Ball 2-1: Called Strike 2-2: Ball 3-2: Foul Ball, location: 2F 3-2: Strikes out swinging
|
|
Batting: LHB Allen Peake
|
0-0: Called Strike 0-1: Ball 1-1: Swinging Strike 1-2: Fly out, F8 (Flyball, 89D, EV 98.8 MPH)
|
|
Batting: RHB Pedro LaTorre
|
0-0: Foul Ball, location: 2F 0-1: Ball 1-1: Called Strike 1-2: Foul Ball, location: 2F 1-2: Ball 2-2: Foul Ball, location: 2F 2-2: Strikes out looking
|
| Top of the 2nd over - 0 runs, 0 hits, 0 errors, 0 left on base; Port Arthur 0 - Fort Myers 0 |
| BOTTOM OF THE 2ND |
|
Fort Myers Miracles batting - Pitching for Port Arthur Pirates : RHP Kirk McCaskill
|
|
Batting: SHB Moses Coleman
|
0-0: Swinging Strike 0-1: Ball 1-1: Ball 2-1: Foul Ball, location: 2F 2-2: Foul Ball, location: 2F 2-2: Foul Ball, location: 2F 2-2: Fly out, F6 (Flyball, 56D, EV 71.9 MPH)
|
|
Batting: RHB Galtero Gioacchini
|
0-0: Called Strike 0-1: Ball 1-1: Fly out, F6 (Line Drive, 6, EV 65.0 MPH)
|
|
Batting: RHB Michael Saccocio
|
0-0: SINGLE (Groundball, 56D, EV 103.1 MPH)
|
|
Batting: LHB Stacey Pettis
|
0-0: Called Strike 0-1: Called Strike 0-2: Ball 1-2: Foul Ball, location: 2F 1-2: Foul Ball, location: 2F 1-2: Ball 2-2: Foul Ball, location: 2F 2-2: Foul Ball, location: 2F 2-2: Fly out, F9 (Flyball, 9, EV 83.1 MPH)
|
| Bottom of the 2nd over - 0 runs, 1 hit, 0 errors, 1 left on base; Port Arthur 0 - Fort Myers 0 |
| TOP OF THE 3RD |
|
Port Arthur Pirates batting - Pitching for Fort Myers Miracles : RHP Jose Bonifilio
|
|
Batting: LHB Chris Rehbaum
|
0-0: Ball 1-0: Ground out 3-1 (Groundball, 34S, EV 83.8 MPH)
|
|
Batting: RHB Fredi Gonzalez
|
0-0: Ball 1-0: Foul Ball, location: 2F 1-1: Foul Ball, location: 2F 1-2: Ball 2-2: Ball 3-2: Ground out 3-1 (Groundball, 23, EV 77.5 MPH)
|
|
Batting: RHB Luis Suarez
|
0-0: Called Strike 0-1: Ground out 5-3 (Groundball, 56, EV 87.5 MPH)
|
| Top of the 3rd over - 0 runs, 0 hits, 0 errors, 0 left on base; Port Arthur 0 - Fort Myers 0 |
| BOTTOM OF THE 3RD |
|
Fort Myers Miracles batting - Pitching for Port Arthur Pirates : RHP Kirk McCaskill
|
|
Batting: LHB Abraham Becerra
|
0-0: Ball 1-0: Ball 2-0: Swinging Strike 2-1: Foul Ball, location: 2F 2-2: Ball 3-2: Foul Ball, location: 2F 3-2: Foul Ball, location: 2F 3-2: Strikes out swinging
|
|
Batting: RHB Rico Escobar
|
0-0: Ball 1-0: Called Strike 1-1: Fly out, F5 (Popup, 5SF, EV 86.3 MPH)
|
|
Batting: SHB Ronnie Chapman
|
0-0: Ball 1-0: Called Strike 1-1: Foul Ball, location: 2F 1-2: Ball 2-2: Ball 3-2: Strikes out swinging
|
| Bottom of the 3rd over - 0 runs, 0 hits, 0 errors, 0 left on base; Port Arthur 0 - Fort Myers 0 |
| TOP OF THE 4TH |
|
Port Arthur Pirates batting - Pitching for Fort Myers Miracles : RHP Jose Bonifilio
|
|
Batting: SHB Geoff Doggett
|
0-0: Ball 1-0: Foul Ball, location: 2F 1-1: Foul Ball, location: 2F 1-2: Foul Ball, location: 2F 1-2: Foul Ball, location: 2F 1-2: Strikes out looking
|
|
Batting: RHB Billy Ripken
|
0-0: Ball 1-0: Foul Ball, location: 2F 1-1: Foul Ball, location: 2F 1-2: Ball 2-2: Ball 3-2: Strikes out looking
|
|
Batting: RHB Steve Stanicek
|
0-0: Ball 1-0: Ball 2-0: Fly out, F7 (Flyball, 7, EV 92.5 MPH)
|
| Top of the 4th over - 0 runs, 0 hits, 0 errors, 0 left on base; Port Arthur 0 - Fort Myers 0 |
| BOTTOM OF THE 4TH |
|
Fort Myers Miracles batting - Pitching for Port Arthur Pirates : RHP Kirk McCaskill
|
|
Batting: RHB T.J. Stout
|
0-0: Called Strike 0-1: Ball 1-1: Called Strike 1-2: Ball 2-2: Ball 3-2: Foul Ball, location: 2F 3-2: Foul Ball, location: 2F 3-2: Foul Ball, location: 2F 3-2: SINGLE (Line Drive, 4MD, EV 98.8 MPH)
|
|
Batting: RHB Bobby Hinson
|
0-0: Called Strike T.J. Stout is caught stealing 2nd base 2-4 0-1: Foul Ball, location: 2F 0-2: SINGLE (Groundball, 6MD, EV 104.4 MPH)
|
|
Batting: SHB Moses Coleman
|
0-0: Called Strike 0-1: Ball 1-1: Ball 2-1: Swinging Strike 2-2: Ball 3-2: Fly out, F7 (Line Drive, 7, EV 100.0 MPH)
|
|
Batting: RHB Galtero Gioacchini
|
0-0: Ball 1-0: Called Strike 1-1: Fielders Choice at 2nd, 6-4 (Groundball, 6, EV 80.0 MPH)
|
| Bottom of the 4th over - 0 runs, 2 hits, 0 errors, 1 left on base; Port Arthur 0 - Fort Myers 0 |
| TOP OF THE 5TH |
|
Port Arthur Pirates batting - Pitching for Fort Myers Miracles : RHP Jose Bonifilio
|
|
Batting: LHB Dan Aruca
|
0-0: Ground out 5-3 (Groundball, 56, EV 103.8 MPH)
|
|
Batting: LHB Allen Peake
|
0-0: Called Strike 0-1: Ball 1-1: Ball 2-1: Called Strike 2-2: SINGLE (Flyball, 5D, EV 95.0 MPH)
|
|
Batting: RHB Pedro LaTorre
|
0-0: Called Strike 0-1: Foul Ball, location: 2F 0-2: Fly out, F8 (Flyball, 89D, EV 103.8 MPH)
|
|
Batting: LHB Chris Rehbaum
|
0-0: Called Strike 0-1: Swinging Strike 0-2: Ball 1-2: Ball 2-2: Fielders Choice at 2nd, 6-4 (Groundball, 6, EV 88.8 MPH)
|
| Top of the 5th over - 0 runs, 1 hit, 0 errors, 1 left on base; Port Arthur 0 - Fort Myers 0 |
| BOTTOM OF THE 5TH |
|
Fort Myers Miracles batting - Pitching for Port Arthur Pirates : RHP Kirk McCaskill
|
|
Batting: RHB Michael Saccocio
|
0-0: Swinging Strike 0-1: Foul Ball, location: 2F 0-2: Ball 1-2: Ball 2-2: Ball 3-2: Ground out 6-3 (Groundball, 6, EV 100.0 MPH)
|
|
Batting: LHB Stacey Pettis
|
0-0: Ground out U3 (Groundball, 34, EV 82.5 MPH)
|
|
Batting: LHB Abraham Becerra
|
0-0: Called Strike 0-1: Ball 1-1: Foul Ball, location: 2F 1-2: Ground out U3 (Groundball, 34, EV 100.0 MPH)
|
| Bottom of the 5th over - 0 runs, 0 hits, 0 errors, 0 left on base; Port Arthur 0 - Fort Myers 0 |
| TOP OF THE 6TH |
|
Port Arthur Pirates batting - Pitching for Fort Myers Miracles : RHP Jose Bonifilio
|
|
Batting: RHB Fredi Gonzalez
|
0-0: Ball 1-0: Fly out, F8 (Flyball, 89M, EV 85.0 MPH)
|
|
Batting: RHB Luis Suarez
|
0-0: Fly out, F4 (Line Drive, 4, EV 64.4 MPH)
|
|
Batting: SHB Geoff Doggett
|
0-0: Ball 1-0: Ball 2-0: Ball 3-0: Called Strike 3-1: Base on Balls
|
|
Batting: RHB Billy Ripken
|
0-0: Foul Ball, location: 2F 0-1: Ball 1-1: Ball 2-1: Called Strike 2-2: Ball 3-2: SINGLE (Line Drive, 78S, EV 107.5 MPH) Geoff Doggett to second Geoff Doggett to third
|
|
Batting: RHB Steve Stanicek
|
0-0: Fly out, F8 (Line Drive, 8LD, EV 88.8 MPH)
|
| Top of the 6th over - 0 runs, 1 hit, 0 errors, 2 left on base; Port Arthur 0 - Fort Myers 0 |
| BOTTOM OF THE 6TH |
|
Fort Myers Miracles batting - Pitching for Port Arthur Pirates : RHP Kirk McCaskill
|
|
Batting: RHB Rico Escobar
|
0-0: Called Strike 0-1: Ground out 5-3 (Groundball, 56S, EV 87.5 MPH)
|
|
Batting: SHB Ronnie Chapman
|
0-0: Ball 1-0: Called Strike 1-1: DOUBLE (Line Drive, 78D, EV 107.5 MPH)
|
|
Batting: RHB T.J. Stout
|
0-0: Called Strike 0-1: Ball 1-1: SINGLE (Groundball, 6MD, EV 96.3 MPH) Ronnie Chapman to third Runner from 3rd tries for Home, SAFE, throw by CF to home
|
|
Batting: RHB Bobby Hinson
|
0-0: Ball 1-0: Ball T.J. Stout steals 2nd base 2-0: Swinging Strike 2-1: Ground out 6-3 (Groundball, 6, EV 90.0 MPH)
|
|
Batting: SHB Moses Coleman
|
0-0: Ball 1-0: Ball 2-0: Foul Ball, location: 2F 2-1: Ground out 6-3 (Groundball, 6, EV 81.3 MPH)
|
| Bottom of the 6th over - 1 run, 2 hits, 0 errors, 1 left on base; Port Arthur 0 - Fort Myers 1 |
| TOP OF THE 7TH |
|
Port Arthur Pirates batting - Pitching for Fort Myers Miracles : RHP Jose Bonifilio
|
|
Batting: LHB Dan Aruca
|
0-0: Ball 1-0: Ball 2-0: Ball 3-0: Called Strike 3-1: SOLO HOME RUN (Flyball, 89XD, EV 107.5 MPH), Distance : 375 ft
|
|
Batting: LHB Allen Peake
|
0-0: Foul Ball, location: 2F 0-1: Called Strike 0-2: Ball 1-2: Ball 2-2: Ball 3-2: Base on Balls
|
|
Pinch Runner at 1st Michael Cain:
|
|
|
Batting: RHB Pedro LaTorre
|
0-0: Called Strike 0-1: Ball 1-1: Foul Ball, location: 2F 1-2: Ball 2-2: Fly out, F3 (Popup, 3SF, EV 69.4 MPH)
|
|
Batting: LHB Chris Rehbaum
|
0-0: Ball Wild Pitch! Michael Cain to second 1-0: Ball 2-0: Ball 3-0: Foul Ball, location: 2F 3-1: Foul Ball, location: 2F 3-2: Strikes out swinging
|
|
Batting: RHB Fredi Gonzalez
|
0-0: Ball 1-0: Swinging Strike 1-1: Fly out, F8 (Flyball, 8LD, EV 88.8 MPH)
|
| Top of the 7th over - 1 run, 1 hit, 0 errors, 1 left on base; Port Arthur 1 - Fort Myers 1 |
| BOTTOM OF THE 7TH |
|
Fort Myers Miracles batting - Pitching for Port Arthur Pirates : RHP Kirk McCaskill
|
|
Batting: RHB Galtero Gioacchini
|
0-0: Ball 1-0: Foul Ball, location: 2F 1-1: Ball 2-1: Swinging Strike 2-2: Reached on error, E4 (Groundball, 4, EV 86.3 MPH)
|
|
Batting: RHB Michael Saccocio
|
0-0: Sac Bunt to 5S - play at first, batter OUT! 5-3 Galtero Gioacchini to second
|
|
Batting: LHB Stacey Pettis
|
0-0: Ball 1-0: Foul Ball, location: 2F 1-1: Called Strike 1-2: Strikes out looking
|
|
Batting: LHB Abraham Becerra
|
0-0: Ball 1-0: Foul Ball, location: 2F 1-1: Ball 2-1: Foul Ball, location: 2F 2-2: Foul Ball, location: 2F 2-2: Foul Ball, location: 2F 2-2: Ball 3-2: Base on Balls
|
|
Batting: RHB Rico Escobar
|
0-0: Ground out 1-3 (Groundball, 15S, EV 68.8 MPH)
|
| Bottom of the 7th over - 0 runs, 0 hits, 1 error, 2 left on base; Port Arthur 1 - Fort Myers 1 |
| TOP OF THE 8TH |
|
Port Arthur Pirates batting - Pitching for Fort Myers Miracles : RHP Jose Bonifilio
|
|
Batting: RHB Luis Suarez
|
0-0: Foul Ball, location: 2F 0-1: Ball 1-1: Ground out 4-3 (Groundball, 4, EV 81.3 MPH)
|
|
Batting: SHB Geoff Doggett
|
0-0: Called Strike 0-1: Foul Ball, location: 2F 0-2: Strikes out swinging
|
|
Batting: RHB Billy Ripken
|
0-0: Ground out 6-3 (Groundball, 6, EV 81.9 MPH)
|
| Top of the 8th over - 0 runs, 0 hits, 0 errors, 0 left on base; Port Arthur 1 - Fort Myers 1 |
| BOTTOM OF THE 8TH |
|
Fort Myers Miracles batting - Pitching for Port Arthur Pirates : RHP Kirk McCaskill
|
|
Batting: SHB Ronnie Chapman
|
0-0: DOUBLE (Line Drive, 9LD, EV 98.8 MPH)
|
|
Batting: RHB T.J. Stout
|
0-0: Called Strike 0-1: Ball 1-1: Called Strike 1-2: Foul Ball, location: 2F 1-2: Fly out, F8 (Flyball, 89D, EV 106.9 MPH) Runner from 2nd tags up, SAFE at 3rd, no throw by CF
|
|
Batting: RHB Bobby Hinson
|
0-0: Intentional Walk
|
|
Batting: SHB Moses Coleman
|
0-0: Ball Bobby Hinson steals 2nd base 1-0: Foul Ball, location: 2F 1-1: Ball 2-1: Fly out, F8 (Flyball, 8RM, EV 95.0 MPH) Runner from 3rd tags up, SCORES, no throw by CF
|
|
Batting: RHB Galtero Gioacchini
|
0-0: Fly out, F9 (Flyball, 89S, EV 78.1 MPH)
|
| Bottom of the 8th over - 1 run, 1 hit, 0 errors, 1 left on base; Port Arthur 1 - Fort Myers 2 |
| TOP OF THE 9TH |
|
Port Arthur Pirates batting - Pitching for Fort Myers Miracles : RHP Jose Bonifilio
|
|
Pinch Hitting: LHB Paul Hollins
|
0-0: Ball 1-0: Ball 2-0: Swinging Strike 2-1: Ball 3-1: Swinging Strike 3-2: Strikes out swinging
|
|
Batting: LHB Dan Aruca
|
0-0: Swinging Strike 0-1: SINGLE (Line Drive, 6MD, EV 96.9 MPH)
|
|
Batting: LHB John Rubel
|
0-0: Fly out, F7 (Flyball, 7LS, EV 85.6 MPH)
|
|
Pinch Hitting: LHB Ron Salcedo
|
0-0: Ball 1-0: Ball 2-0: Ball 3-0: Base on Balls Dan Aruca to second
|
|
Pinch Hitting: LHB Steven Chumas
|
0-0: Ball 1-0: Called Strike 1-1: Ground out U3 (Groundball, 3, EV 84.4 MPH)
|
| Top of the 9th over - 0 runs, 1 hit, 0 errors, 2 left on base; Port Arthur 1 - Fort Myers 2 |
|